 Dungeon Crawl Stone Soup version 0.30-a0-29-g142975f185 (webtiles) character file.

Game seed: 8731253572891481956

264 ytrimaz the Trooper (level 5, -3/43 HPs)
             Began as a Demonspawn Fighter on Aug 26, 2022.
             Was an Initiate of Ashenzari.
             Slain by a gnoll
             ... wielding a +0 flail
              (10 damage)
             ... on level 3 of the Dungeon.
             The game lasted 00:03:01 (3481 turns).

ytrimaz the Trooper (Demonspawn Fighter)            Turns: 3481, Time: 00:03:02

Health: -3/43      AC: 15    Str: 16      XL:     5   Next: 98%
Magic:  5/5        EV:  4    Int:  8 (9)  God:    Ashenzari [......]
Gold:   95         SH:  5    Dex: 15      Spells: 4/4 levels left

rFire   . . .      SeeInvis .    d - +4 rapier (flame)
rCold   . . .      Faith    .    c - +0 buckler
rNeg    . . .      Spirit   .    o - +0 plate armour
rPois   .          Reflect  .    (helmet restricted)
rElec   .          Harm     .    n - +0 cloak
rCorr   .          Rampage  .    (no gloves)
Will    .....                    (no boots)
Stlth   ..........               (no amulet)
HPRegen 0.14/turn                (no ring)
MPRegen 0.09/turn                (no ring)

@: flying, hasted (expiring), very quick
A: antennae 1, slimy green scales 2, ignite blood 1
a: Renounce Religion, Curse Item


You were on level 3 of the Dungeon.
You worshipped Ashenzari.
Ashenzari was noncommittal.
You visited 1 branch of the dungeon, and saw 3 of its levels.

You collected 95 gold pieces.

Inventory:

Hand Weapons
 a - a +0 war axe
 d - a +4 rapier of flaming (weapon)
Armour
 b - a +0 scale mail
 c - a +0 buckler (worn)
 n - a +0 cloak (worn)
 o - a +0 plate armour (worn)
Scrolls
 e - a scroll of identify
 i - a scroll of silence
 j - 2 scrolls of teleportation
 k - a scroll of enchant armour {unknown}
 p - a scroll of enchant weapon {unknown}
Potions
 f - a potion of brilliance
 g - a potion of degeneration
 h - a potion of flight


   Skills:
 + Level 4.8 Fighting
 * Level 3.6 Short Blades
 - Level 2.3 Axes
 - Level 2.6 Armour
 - Level 2.6 Shields


You had 4 spell levels left.
You didn't know any spells.
Your spell library contained the following spells:

 Spells                   Type           Power      Damage    Failure   Level
 Portal Projectile        Hex/Tloc       0%         N/A       100%        3
 Tukima's Dance           Hex            0%         N/A       100%        3
 Blade Hands              Tmut           0%         N/A       100%        5


Dungeon Overview and Level Annotations

Branches:
Dungeon (3/15)

Altars:
Ashenzari
Okawaru
Ru


Innate Abilities, Weirdness & Mutations

You have a pair of small antennae on your head.
You are mostly covered in slimy green scales. (AC +3)
Your demonic aura sometimes causes spilled blood to erupt in flames.


Message History

The goblin hits you but does no damage. The gnoll hits you but does no damage.
The gnoll hits you with a +0 flail of protection.
* * * LOW HITPOINT WARNING * * *
Unknown command.
You feel better. The goblin hits you but does no damage.
The gnoll completely misses you. The gnoll hits you but does no damage.
It was a potion of flight.
You feel very buoyant.
You fly up into the air.
The goblin hits you but does no damage.
The gnoll hits you with a +0 flail of protection.
* * * LOW HITPOINT WARNING * * *
You block the gnoll's attack.
Unknown command.
It was a potion of haste.
You feel yourself speed up. The goblin hits you but does no damage.
You block the gnoll's attack. The gnoll hits you but does no damage.
Unknown command.
The goblin hits you but does no damage.
The goblin unwields a +0 dagger.
The goblin wields a +0 sling.
The goblin shoots a sling bullet.
The sling bullet barely misses you.
The goblin shoots a sling bullet.
The sling bullet hits you but does no damage.
Unknown command.
There is an open door here.
You reach down and close the door.
There is an open door here.
You start resting.
Your extra speed is starting to run out.
You start resting.
A gnoll is nearby!
A gnoll is nearby!
You are too injured to fight recklessly!
You are too injured to fight recklessly!
You completely miss the gnoll.
The gnoll is lightly wounded.
You are too injured to fight recklessly!
You hit the gnoll. You burn the gnoll.
The gnoll is moderately wounded.
The gnoll hits you with a +0 flail!
You die...

### ### #.#####.# #.....#.#
#.###.#.##### #.# #....@g.#
### #.# #######.# ..
#.#####.###.# .#
##.......#...#####.####
#........#.####........
#........#....{.....##
#........#..###......#.####
########.#..# #......#.#...
#....# #...[..#.#.#.


You could see a gnoll.

Vanquished Creatures
  Sigmund (D:3)
  Jessica (D:3)
  A gnoll (D:3)
  2 adders
  A dart slug (D:3)
  2 orcs (D:3)
  6 endoplasms
  2 giant cockroaches (D:1)
  5 goblins
  5 hobgoblins
  10 ball pythons
  4 bats (D:2)
  A frilled lizard (D:2)
  2 kobolds
  7 rats
  2 toadstools (D:1)
52 creatures vanquished.

Vanquished Creatures (others)
  A demonic plant (D:1)
  2 fungi (D:1)
  2 toadstools (D:1)
  3 withered plants (D:1)
8 creatures vanquished.

Grand Total: 60 creatures vanquished

Notes
Turn   | Place    | Note
-------+----------+-------------------------------------------
     0 | D:1      | ytrimaz the Demonspawn Fighter began the quest for the Orb.
     0 | D:1      | Reached XP level 1. HP: 18/18 MP: 1/1
   460 | D:1      | Gained mutation: Your demonic aura sometimes causes spilled
                  | blood to erupt in flames. [demonic ancestry]
   460 | D:1      | Reached XP level 2. HP: 24/24 MP: 2/2
   815 | D:1      | Found a faded altar of an unknown god.
   835 | D:1      | HP: 1/24 [ball python (2)]
  1341 | D:1      | Identified a scroll of acquirement
  1480 | D:1      | Acquired a +4 rapier of flaming
  1970 | D:2      | Gained mutation: You are partially covered in slimy green
                  | scales. (AC +2) [demonic ancestry]
  1970 | D:2      | Reached XP level 3. HP: 27/30 MP: 3/3
  2686 | D:3      | Found a broken altar of Ashenzari.
  2692 | D:3      | Reached skill level 4 in Fighting
  2700 | D:3      | Became a worshipper of Ashenzari the Shackled
  2791 | D:3      | Noticed Jessica
  2801 | D:3      | Killed Jessica
  2802 | D:3      | Reached skill level 1 in Short Blades
  2802 | D:3      | Gained mutation: You have a pair of small antennae on your
                  | head. [demonic ancestry]
  2802 | D:3      | Reached XP level 4. HP: 30/37 MP: 4/4
  2947 | D:3      | Found a sacrificial altar of Ru.
  2972 | D:3      | Found an iron altar of Okawaru.
  3000 | D:3      | Noticed Sigmund
  3018 | D:3      | Killed Sigmund
  3019 | D:3      | Gained mutation: You are mostly covered in slimy green
                  | scales. (AC +3) [demonic ancestry]
  3019 | D:3      | Reached XP level 5. HP: 26/43 MP: 5/5
  3439 | D:3      | HP: 1/43 [gnoll/+0 flail of protection (4)]
  3481 | D:3      | Slain by a gnoll

Illustrated notes

Levels and vault maps discovered:
D:1:      ldierk_water_garden, layout_loops_ring, shapermc_ecumenical_altar_gd,
          chequers_serial_rivers_micro_a, bh_walls_and_bars
D:2:      layout_loops_corners, serial_co_window_serial,
          co_window_of_opportunity_a, co_window_paths_b,
          co_window_of_opportunity_a, co_window_corner_a, co_window_corner_a,
          co_window_corner_b, co_window_paths_c, co_window_unsneaky_path_c,
          co_window_corner_ca, glass_columns_a, glass_columns_b,
          glass_columns_a, glass_columns_b, glass_columns_a
D:3:      layout_basic, cheibrodos_ashenzari_chains, okawaru_trees_2,
          mainiacjoe_overflow_small_starburst, nrook_mini_vaults,
          minmay_pentangle, uniq_sigmund, uniq_jessica

Skill      XL: |  1  2  3  4 |
---------------+-------------+-----
Axes           | 2 |  2.3
Fighting       | 4 |  4.8
Short Blades   | 1 3 |  3.6
Armour         | |  2.6
Shields        | |  2.6

Action                   |  1- 3 |  4- 6 || total
-------------------------+-------+-------++-------
Melee: War axe           |    46 |       ||    46
       Rapier            |    37 |    48 ||    85
  Use: Scroll            |     7 |       ||     7
       Potion            |     1 |     5 ||     6
Armor: Scale mail        |    39 |    17 ||    56
       Plate armour      |       |    35 ||    35
Dodge: Dodged            |    35 |    25 ||    60
Block: Buckler           |    14 |    16 ||    30

Table legend: (Time is in decaauts)
 A = Elapsed time spent in this place.
 B = Non-inter-level travel time spent in this place.
 C = Inter-level travel time spent in this place.
 D = Time resting spent in this place.
 E = Time spent auto-exploring this place.
 F = Levels seen in this place.
 G = Mean time per level.
                   A        B        C        D        E       F      G
               +--------+--------+--------+--------+--------+-----+--------+
         Total |   3501 |   3460 |     41 |    345 |   2651 |   3 | 1167.0 |
       Dungeon |   3501 |   3460 |     41 |    345 |   2651 |   3 | 1167.0 |
               +--------+--------+--------+--------+--------+-----+--------+

Top non-repeatable levels by time:
     D:1: 1541 daAuts
     D:2: 1170 daAuts
     D:3: 789 daAuts
